 Dungeon Crawl Stone Soup version 0.24.0-125-gc4c63601f3 (webtiles) character file.

Game seed: 11306787761269342507, levelgen mode: deterministic

107 BuffBuff the Skirmisher (level 4, -3/24 HPs)
             Began as a Vine Stalker Fighter on Mar 13, 2020.
             Killed by divine providence
             ... invoked by an orc priest
              (11 damage)
             ... on level 3 of the Dungeon.
             The game lasted 00:09:29 (2239 turns).

BuffBuff the Skirmisher (Vine Stalker Fighter)      Turns: 2239, Time: 00:09:30

Health: -3/24      AC:  8    Str: 19    XL:     4   Next: 85%
Magic:  0/5        EV:  8    Int:  8    God:
Gold:   109        SH:  9    Dex: 14    Spells: 3/3 levels left

rFire    . . .     SeeInvis +     - Unarmed
rCold    . . .     Gourm    .   b - +0 shield
rNeg     + . .     Faith    .   o - +3 ring mail
rPois    .         Spirit   +   (no helmet)
rElec    .         Reflect  .   (no cloak)
rCorr    .         Harm     .   (no gloves)
MR       .....                  (no boots)
Stlth    +.........             (no amulet)
HPRegen  0.48/turn              j - ring of positive energy
MPRegen  0.09/turn              n - ring of see invisible

@: no status effects
A: fangs 2, regeneration 1, magic shield, antimagic bite, no potion heal 3, rot
immunity
a: no special abilities


You were on level 3 of the Dungeon.
You were not hungry.

You visited 1 branch of the dungeon, and saw 3 of its levels.

You collected 109 gold pieces.

Inventory:

Missiles
 m - 5 javelins (quivered)
Armour
 a - a +0 scale mail
 b - a +0 shield (worn)
 o - a +3 ring mail (worn)
Jewellery
 i - an uncursed ring of fire
 j - a ring of positive energy (left hand)
 n - a ring of see invisible (right hand)
Scrolls
 g - 2 scrolls of remove curse
 h - 2 scrolls of amnesia
Potions
 c - 2 potions of might
 e - 3 potions of curing
 f - a potion of lignification {unknown}
 q - a potion of magic {unknown}
Comestibles
 d - 4 rations


   Skills:
 + Level 3.3 Fighting
 + Level 2.9 Armour
 + Level 3.3 Shields
 * Level 3.1 Unarmed Combat


You had 3 spell levels left.
You didn't know any spells.
Your spell library was empty.

Dungeon Overview and Level Annotations

Branches:
Dungeon (3/15)

Altars:
Trog


Innate Abilities, Weirdness & Mutations

You have extremely sharp teeth.
Your natural rate of healing is unusually fast.
When hurt, damage is shared between your health and your magic reserves.
Your bite disrupts and absorbs the magic of your enemies.
Potions cannot restore your health.
You are immune to rotting.


Message History

The orc priest shouts!
The orc priest moves out of view.
An orc comes into view. It is wielding a +0 flail.
The orc shouts!
An orc priest comes into view. It is wielding a +0 club.
The orc priest shouts!
The orc priest invokes the aid of Beogh against you.
Beogh smites you! You block the orc's attack.
The orc priest moves out of view.
You hit the orc. You bite the orc, but do no damage.
The orc is lightly wounded.
The orc priest looks encouraged for a moment.
The orc hits you but does no damage.
Your shield prevents you from hitting the orc.
The orc is lightly wounded.
You block the orc's attack.
The orc priest calls down the wrath of Beogh upon you.
Beogh smites you!
The orc priest mumbles some strange prayers to Beogh against you.
Beogh smites you!
You die...

....##.#.........###.._.....
.................#...#.#..#
..)................#......#
.#######.........###.##...##
.# ###...........#.##....#
.# ##..................##..
###
...#.........#.#.#.......
##.
###......................
#.##...........@#.....#####.
#.#..##.........#......####.
#.#.#######.....o...##.#....
#...#### #.........##..o.
#......# #.........#o..##
##......# ##........o#.###
#.......###.........o..#
......................##
.#........#..........##


You could see 2 orc priests and an orc.

Vanquished Creatures
  3 adders (D:2)
  A worm (D:3)
  A dart slug (D:3)
  2 leopard geckos (D:1)
  4 orcs
  2 ball pythons
  10 bats
  4 giant cockroaches
  7 goblins
  7 hobgoblins
  4 jackals (D:2)
  2 frilled lizards (D:1)
  11 kobolds
  6 rats
64 creatures vanquished.

Notes
Turn   | Place    | Note
-------+----------+-------------------------------------------
     0 | D:1      | BuffBuff the Vine Stalker Fighter began the quest for the
                  | Orb.
     0 | D:1      | Reached XP level 1. HP: 11/11 MP: 2/2
   116 | D:1      | Reached XP level 2. HP: 16/16 MP: 3/3
   370 | D:1      | Reached XP level 3. HP: 20/20 MP: 4/4
  1392 | D:2      | Gained mutation: Your natural rate of healing is unusually
                  | fast. [Vine Stalker growth]
  1392 | D:2      | Reached XP level 4. HP: 24/24 MP: 5/5
  2109 | D:3      | Found a bloodstained altar of Trog.
  2239 | D:3      | Killed from afar by an orc priest

Levels and vault maps discovered:
D:1:      lemuel_arrival_muddy, layout_basic
D:2:      layout_loops_corners, kennysheep_generic_room_12
D:3:      layout_rooms, lemuel_crystal_altar

Skill      XL: |  1  2  3  4 |
---------------+-------------+-----
Fighting       | 3 |  3.3
Shields        | 3 |  3.3
Unarmed Combat | 3 |  3.1
Armour         | |  2.9

Action                   |  1- 3 |  4- 6 || total
-------------------------+-------+-------++-------
Melee: Unarmed           |   125 |    67 ||   192
       Bite              |    24 |    23 ||    47
Throw: Javelin           |     3 |     5 ||     8
  Use: Scroll            |       |     5 ||     5
  Eat: Chunk             |     2 |     2 ||     4
Armor: Scale mail        |    47 |    13 ||    60
       Ring mail         |       |    17 ||    17
Dodge: Dodged            |    37 |    14 ||    51
Block: Shield            |    58 |    35 ||    93
